 Dungeon Crawl Stone Soup version 0.31-a0-180-g519b7de00c (webtiles) character file.

Game seed: 12969600889071347034

65 Moral the Insei (level 4, -4/29 HPs)
             Began as an Octopode Transmuter on June 19, 2023.
             Killed from afar by Dowan (9 damage)
             ... with a puff of flame
             ... on level 4 of the Dungeon.
             The game lasted 00:01:36 (916 turns).

Moral the Insei (Octopode Transmuter)                Turns: 916, Time: 00:01:41

Health: -4/29      AC:  1    Str:  9    XL:     4   Next: 13%
Magic:  7/7        EV: 13    Int: 15    God:
Gold:   78         SH:  0    Dex: 14    Spells: 6/7 levels left

rFire   . .          .
                       - Unarmed
rCold   . . .        (no shield)
rNeg    . . .        (helmet currently unavailable)
rPois   .            (no amulet)
rElec   .            (no ring)
rCorr   .            (no ring)
SInv    .            (no ring)
Will    .....        (no ring)
Stlth   ++           (no ring)
HPRegen 0.24/turn    (no ring)
MPRegen 0.10/turn    (no ring)
                     (no ring)

%: no passive effects
@: appendages (expiring)
A: tentacle spike 3, almost no armour, amphibious, 8 rings, camouflage 1,
gelatinous body 1, (nimble swimmer 1), tentacles
a: End Transformation


You were on level 4 of the Dungeon.
One of your tentacles had grown a beastly spike.
You visited 1 branch of the dungeon, and saw 3 of its levels.

You collected 78 gold pieces.

Inventory:

Scrolls
 e - a scroll of enchant weapon {unknown}
 f - a scroll of poison {unknown}
Potions
 a - a potion of lignification
 c - a potion of degeneration {unknown}


   Skills:
 + Level 1.8 Fighting
 + Level 2.5 Dodging
 + Level 3.4 Unarmed Combat
 + Level 2.4 Spellcasting
 + Level 2.5 Transmutations


You had 6 spell levels left.
You knew the following spells:

 Your Spells              Type           Power      Damage    Failure   Level
a - Beastly Appendage     Tmut           18%        N/A       8%          1

Your spell library contained the following spells:

 Spells                   Type           Power      Damage    Failure   Level
 Wereblood                Tmut           9%         N/A       11%         2
 Passwall                 Tmut/Erth      4%         N/A       19%         2
 Ensorcelled Hibernation  Hex/Ice        2%         N/A       32%         2
 Spider Form              Tmut/Pois      5%         N/A       36%         3
 Swiftness                Air            1%         N/A       54%         3
 Ice Form                 Ice/Tmut       5%         N/A       77%         4


Dungeon Overview and Level Annotations

Branches:
Dungeon (2/15)

Altars:

Shops:
D:1 *

Annotations:
D:4 3 runed translucent doors, Dowan; Duvessa; comborobin's ghost, weakling DEDe


Innate Abilities, Weirdness & Mutations

One of your tentacles has grown a beastly spike.
You cannot wear most types of armour.
You are amphibious.
You can wear up to eight rings at the same time.
Your skin changes colour to match your surroundings (Stealth+).
Your rubbery body absorbs attacks. (AC +1, EV +1)
((You are camouflaged when in or above water. (Stealth+)))
You have tentacles for arms and can constrict up to eight enemies at once.


Message History

You constrict the sleepcap, but do no damage.
The sleepcap misses you.
You tentacle-slap the sleepcap.
You pierce the sleepcap, but do no damage.
You squeeze the sleepcap.
You destroy the sleepcap!
Your transformation is almost over.
You have reached level 4!
Your tentacle spike disappears.
Magic restored.
Comborobin's ghost turns its malevolent gaze towards you.
You see here 3 stones.
Duvessa, Sister of Dowan comes into view.
She is wielding a +0 rapier.
Duvessa is nearby!
Duvessa is nearby!
One of your tentacles grows a vicious spike.
Dowan, 3 lemures and a phantom come into view.
Dowan is wielding a +0 dagger and carrying a wand of flame (11).
Duvessa shouts!
Dowan says, "Magic and the sword, together, will defeat you."
Unknown command.
Your transformation is almost over.
Dowan points at Duvessa and mumbles some strange words.
Duvessa seems to speed up.
You barely miss Duvessa. Your grab misses Duvessa.
You pierce Duvessa, but do no damage.
Duvessa hits you with a +0 rapier! x2
As you read the scroll labelled LEEFEMNORAI, it crumbles to dust.
You hear a loud clanging noise!
It was a scroll of noise.
The lemure shouts!
You hear a shout! x4; You hear an angry hiss.
Dowan mumbles some strange words.
Dowan blinks!
Duvessa hits you with a +0 rapier.
* * * LOW HITPOINT WARNING * * *
Blink to where?
Press: ? - help, Dir - move target
As you read the scroll labelled UNOUCL LUCKOAL, it crumbles to dust.
It was a scroll of blinking.
Dowan says, "My weaknesses are her strengths!"
Dowan zaps a wand.
The puff of flame hits you!
You die...

####.#(#######.
.#####....ee........
...#5.ยง####..##....
....#### ##..## ..
....# ##..# .#..#
#..## ##.........
#..# ##..##
#.......... #..#
##..# #..........
#..# ##@##
##.......... #.##
#..## #...........
#. ##..#
#...........
##.###...........
##)##...........
#..#...........
##.#...........
##............
#..##.......#


You could see Duvessa (fast) and Dowan.

Vanquished Creatures
  A sleepcap (D:4)
  An adder (D:2)
  3 endoplasms
  2 giant cockroaches (D:1)
  3 goblins (D:1)
  A hobgoblin (D:1)
  4 jackals (D:1)
  A kobold (D:1)
  2 ball pythons (D:1)
  2 bats (D:1)
  3 frilled lizards (D:1)
  2 rats (D:1)
25 creatures vanquished.

Notes
Turn   | Place    | Note
-------+----------+-------------------------------------------
     0 | D:1      | Moral the Octopode Transmuter began the quest for the Orb.
     0 | D:1      | Reached XP level 1. HP: 13/13 MP: 3/3
   263 | D:1      | Reached XP level 2. HP: 18/18 MP: 3/5
   515 | D:1      | Reached XP level 3. HP: 23/23 MP: 4/6
   618 | D:1      | Found Alynn's Assorted Antiques.
   846 | D:2      | You fall into a shaft and drop 2 floors!
   875 | D:4      | Reached XP level 4. HP: 29/29 MP: 5/7
   891 | D:4      | Found a runed translucent gate.
   891 | D:4      | Found a runed translucent gate.
   891 | D:4      | Found a runed translucent gate.
   892 | D:4      | Noticed comborobin's ghost (weakling DEDe)
   899 | D:4      | Noticed Duvessa
   904 | D:4      | Noticed Dowan
   904 | D:4      | Noticed a lemure
   904 | D:4      | Noticed a lemure
   904 | D:4      | Noticed a lemure
   904 | D:4      | Noticed a phantom
   916 | D:4      | Killed from afar by Dowan

Illustrated notes

Levels and vault maps discovered:
D:1:      dpeg_arrival_stonehenge_12_columns, layout_loops_ring, serial_shops,
          shop
D:2:      layout_loops_corners, basic_altar
D:4:      layout_cave_pods, gammafunk_ghost_necromancy, uniq_duvessa,
          uniq_sigmund, uniq_pikel

Action                     |  1- 3 |  4- 6 || total
---------------------------+-------+-------++-------
  Melee: Unarmed           |    53 |     1 ||    54
         Constrict         |    14 |       ||    14
         Kick              |    19 |     1 ||    20
         Tentacles         |    12 |       ||    12
         Punch             |     2 |       ||     2
   Cast: Beastly Appendage |    19 |     1 ||    20
    Use: Scroll            |       |     2 ||     2
   Stab: Sleeping          |     4 |       ||     4
 Armour: Skin              |     3 |       ||     3
  Dodge: Dodged            |    31 |       ||    31

Table legend: (Time is in decaauts)
 A = Elapsed time spent in this place.
 B = Non-inter-level travel time spent in this place.
 C = Inter-level travel time spent in this place.
 D = Time resting spent in this place.
 E = Time spent auto-exploring this place.
 F = Levels seen in this place.
 G = Mean time per level.
                   A        B        C        D        E       F      G
               +--------+--------+--------+--------+--------+-----+--------+
         Total |    912 |    893 |     19 |      0 |    723 |   3 |  304.0 |
       Dungeon |    912 |    893 |     19 |      0 |    723 |   3 |  304.0 |
               +--------+--------+--------+--------+--------+-----+--------+

Top non-repeatable levels by time:
     D:1: 755 daAuts
     D:2: 87 daAuts
     D:4: 69 daAuts
